 Dungeon Crawl Stone Soup version 0.31-a0-424-g41b3b0883d (webtiles) character file.

Game seed: 13700792146016333519

11559 Morbidden the Grappler (level 11, -25/153 HPs)
             Began as a Troll Shapeshifter on July 29, 2023.
             Was an Elder of Cheibriados.
             Annihilated by an anaconda simulacrum (27 damage)
             ... in an ice cave.
             The game lasted 00:13:47 (11919 turns).

Morbidden the Grappler (Troll Shapeshifter)        Turns: 11919, Time: 00:13:47

Health: -25/153    AC:  9    Str: 38    XL:     11   Next: 50%
Magic:  10/10      EV: 13    Int: 17    God:    Cheibriados [****..]
Gold:   275        SH:  0    Dex: 25    Spells: 10/10 levels left

rFire   . .          .
                       - Unarmed
rCold   . . .        (no shield)
rNeg    . . .        a - +0 animal skin
rPois   +            (helmet restricted)
rElec   .            H - +4 cloak of Qazlal's Generosity {rPois Int+4}
rCorr   .            (gloves unavailable)
SInv    .            (boots unavailable)
Will    .....        A - amulet of the acrobat Stlth
                     M - +4 ring of slaying
HPRegen 1.25/turn    b - +6 ring of dexterity
MPRegen 0.12/turn

%: acrobat
@: berserking, constricted, studying Dodging, very slow
A: large, unfitting armour, claws 3, regeneration 1, shaggy fur 1, tough skin 1
a: Renounce Religion, Bend Time, Temporal Distortion, Slouch


You were in an ice cave.
You worshipped Cheibriados.
Cheibriados was greatly pleased with you.
You visited 3 branches of the dungeon, and saw 13 of its levels.
You also visited: Sewer and Ice Cave.

You collected 597 gold pieces.
You spent 322 gold pieces at shops.

Inventory:

Missiles
 k - 25 poisoned darts
 o - 3 javelins
 y - 10 boomerangs (quivered)
 I - 23 stones
 J - 2 curare-tipped darts
Armour
 a - a +0 animal skin (worn)
 H - the +4 cloak of Qazlal's Generosity (worn) {rPois Int+4}
   (You found it on level 10 of the Dungeon)

   Int:       It affects your intelligence (+4).
   rPois:     It protects you from poison.
Jewellery
 b - a +6 ring of dexterity (right claw)
 r - a ring of poison resistance
 z - a ring of positive energy
 A - an amulet of the acrobat (around neck)
 M - a +4 ring of slaying (left claw)
Talismans
 c - a beast talisman
Wands
 p - a wand of flame (49)
 u - a wand of charming (3)
Scrolls
 e - 2 scrolls of fog
 g - a scroll of vulnerability
 h - 2 scrolls of enchant armour
 l - 7 scrolls of identify
 x - 6 scrolls of amnesia
 D - 2 scrolls of blinking
 E - 3 scrolls of teleportation
 F - 3 scrolls of enchant weapon
 K - a scroll of revelation
Potions
 f - 4 potions of mutation
 i - 3 potions of invisibility {unknown}
 j - 3 potions of haste {unknown}
 m - 3 potions of curing {unknown}
 n - a potion of attraction {unknown}
 q - 4 potions of might {unknown}
 s - a potion of magic {unknown}
 t - 2 potions of brilliance {unknown}
 v - 3 potions of berserk rage
 w - 3 potions of degeneration {unknown}
 B - a potion of resistance {unknown}
 C - a potion of lignification


   Skills:
 * Level 5.1 Fighting
 + Level 2.5 Throwing
 * Level 7.4 Dodging
 + Level 2.2 Stealth
 * Level 12.7 Unarmed Combat
 * Level 1.2 Invocations
 + Level 0.1 Evocations
 * Level 7.0 Shapeshifting


You had 10 spell levels left.
You didn't know any spells.
Your spell library contained the following spells:

 Spells                   Type           Power      Damage    Failure   Level
 Foxfire                  Conj/Fire      0%         2x1d4     24%         1
 Slow                     Hex            0%         N/A       24%         1
 Sting                    Tmut/Pois      0%         1d3       24%         1
 Cigotuvi's Dreadful Rot  Necr/Pois/Air  0%         N/A       34%         2
 Poisonous Vapours        Pois/Air       0%         N/A       34%         2
 Scorch                   Fire           0%         2d5       34%         2
 Call Canine Familiar     Summ           0%         N/A       56%         3
 Confusing Touch          Hex            0%         N/A       56%         3
 Ignite Poison            Fire/Tmut/Pois 0%         N/A       56%         3
 Mephitic Cloud           Conj/Pois/Air  0%         N/A       56%         3
 Portal Projectile        Hex/Tloc       0%         N/A       56%         3
 Stone Arrow              Conj/Erth      0%         3d7       56%         3
 Vampiric Draining        Necr           0%         2d6       56%         3
 Animate Armour           Summ/Erth      0%         N/A       93%         4
 Animate Dead             Necr           0%         N/A       93%         4
 Flame Wave               Conj/Fire      0%         2d4       93%         4
 Leda's Liquefaction      Hex/Erth       0%         N/A       93%         4
 Olgreb's Toxic Radiance  Pois           0%         N/A       93%         4
 Freezing Cloud           Conj/Ice/Air   0%         6-21      100%        5
 Plasma Beam              Fire/Air       0%         2x1d10    100%        6
 Starburst                Conj/Fire      0%         6d3       100%        6
 Summon Cactus Giant      Summ           0%         N/A       100%        6
 Haunt                    Necr/Summ      0%         N/A       100%        7
 Infestation              Necr           0%         N/A       100%        8
 Lehudib's Crystal Spear  Conj/Erth      0%         10d2      100%        8


Dungeon Overview and Level Annotations

Branches:
Dungeon (10/15)            Temple (1/1) D:6            Lair (2/5) D:9
  Sewer (visited)           IceCv (1/1)
  Swamp: Lair:2-3    Shoals: Lair:2-3     Snake: Lair:2-3    Spider: Lair:2-3
    Orc: D:9-12

Altars:
Ashenzari
Cheibriados
Dithmenos
Elyvilon
Fedhas
Gozag
Hepliaklqana
Kikubaaqudgha
Nemelex Xobeh
Okawaru
Qazlal
Ru
Sif Muna
Trog
Uskayaw
Vehumet
Wu Jian
Xom
Yredelemnul
Zin
The Shining One

Shops:
D:6 !

Annotations:
D:9 Erolcha IceCv exclusion: ice statue


Innate Abilities, Weirdness & Mutations

You are too large for most types of armour.
You have claws for hands.
Your natural rate of healing is unusually fast.
You are covered in fur. (AC +1)
You have tough skin. (AC +1)


Message History

Aim: an anaconda simulacrum (wandering, hasn't noticed you, 66% to hit)
You throw a boomerang.
The boomerang hits the anaconda simulacrum!
The anaconda simulacrum is moderately damaged.
Throw: 10 boomerangs
Press: ? - help, Q - select action, (/) - cycle Shift-Dir - straight line, f/p - anaconda simulacrum
Aim: an anaconda simulacrum (moderately damaged, 66% to hit)
You throw a boomerang.
The boomerang closely misses the anaconda simulacrum.
Unknown command.
Throw: 10 boomerangs
Press: ? - help, Q - select action, (/) - cycle Shift-Dir - straight line, f/p - anaconda simulacrum
Aim: an anaconda simulacrum (moderately damaged, 66% to hit)
You throw a boomerang.
The boomerang completely misses the anaconda simulacrum.
The anaconda simulacrum barely misses you.
The anaconda simulacrum bites you! The anaconda simulacrum freezes you!!
* * * LOW HITPOINT WARNING * * *
Unknown command.
You barely miss the anaconda simulacrum.
The anaconda simulacrum is moderately damaged.
The anaconda simulacrum grabs you. The anaconda simulacrum bites you.
* * * LOW HITPOINT WARNING * * *
The anaconda simulacrum freezes you!
* * * LOW HITPOINT WARNING * * *
The anaconda simulacrum constricts you.
* * * LOW HITPOINT WARNING * * *
Unknown command.
Okay, then.
Okay, then.
A red film seems to cover your vision as you go berserk!
Cheibriados forces you to slow down.
You feel mighty!
The anaconda simulacrum barely misses you.
The anaconda simulacrum constricts you.
* * * LOW HITPOINT WARNING * * *
The anaconda simulacrum bites you!
* * * LOW HITPOINT WARNING * * *
The anaconda simulacrum freezes you!!
You die...

#####
#####...##
##........##
##..........
.#..........##
...........Z@#
...........##
#..........#
#8#....#.#
##..#### #..##
##..## ##..#
##...#


You could see an anaconda simulacrum.

Vanquished Creatures
  Sonja (Lair:1)
  An ice statue (IceCv)
  4 cane toads
  A torpor snail (Lair:2)
  An ice devil (IceCv)
  2 rime drakes (Lair:1)
  A komodo dragon (Lair:1)
  A polar bear (Lair:2)
  A hornet (D:10)
  Prince Ribbit (Lair:1)
  2 blink frogs (Lair:1)
  5 dream sheep (Lair:2)
  A shadow (D:10)
  10 yaks
  3 wyverns
  A basilisk (Lair:1)
  A vampire mosquito (D:10)
  A death yak simulacrum (IceCv)
  A water moccasin (D:6)
  4 orc warriors
  3 sky beasts
  3 ogres
  A black bear (D:3)
  2 centaurs
  A phantom (D:5)
  A kobold brigand (D:10)
  8 bullfrogs
  A gnoll sergeant (D:10)
  4 scorpions
  13 killer bees
  An elephant simulacrum (IceCv)
  A howler monkey (D:9)
  A vampire bat (D:4)
  2 hounds
  3 jellies
  3 orc priests
  Ijyb (D:3)
  3 iguanas
  11 orc wizards
  A wolf simulacrum (IceCv)
  10 gnolls
  7 adders
  3 naga simulacra (IceCv)
  5 river rats (Sewer)
  2 shadow imps
  3 ufetubi (IceCv)
  A worm (D:4)
  4 dart slugs
  3 fire bats (D:4)
  25 orcs
  2 spectral bats (D:4)
  3 bat skeletons (D:4)
  A bat zombie (D:4)
  8 endoplasms
  10 giant cockroaches
  6 goblins
  4 hobgoblins
  7 jackals
  11 kobolds
  4 quokkas
  20 ball pythons
  14 bats
  A bat simulacrum (D:4)
  6 frilled lizards
267 creatures vanquished.

Vanquished Creatures (others)
  A centaur (D:4)
1 creature vanquished.

Grand Total: 268 creatures vanquished

Notes
Turn   | Place    | Note
-------+----------+-------------------------------------------
     0 | D:1      | Morbidden the Troll Shapeshifter began the quest for the
                  | Orb.
     0 | D:1      | Reached XP level 1. HP: 18/18 MP: 0/0
   230 | D:1      | Reached XP level 2. HP: 26/26 MP: 1/1
   593 | D:1      | Reached skill level 1 in Fighting
   749 | D:2      | Reached XP level 3. HP: 31/33 MP: 2/2
  1486 | D:2      | Reached XP level 4. HP: 35/41 MP: 3/3
  1703 | D:3      | Identified the +1 dagger "Vocloschaho" {flame, rElec rF+
                  | Dex-3}
  1717 | D:3      | Noticed a black bear
  1731 | D:3      | Killed a black bear
  1732 | D:3      | Reached skill level 4 in Unarmed Combat
  1732 | D:3      | Reached XP level 5. HP: 46/48 MP: 4/4
  1886 | D:3      | Noticed Ijyb
  1914 | D:3      | Killed Ijyb
  2391 | D:4      | Reached XP level 6. HP: 50/57 MP: 5/5
  2415 | D:4      | Reached skill level 5 in Unarmed Combat
  2821 | D:4      | Reached XP level 7. HP: 65/65 MP: 6/6
  2978 | D:4      | Found a shimmering altar of Xom.
  3712 | D:5      | Entered Level 5 of the Dungeon
  3792 | D:5      | Reached skill level 6 in Unarmed Combat
  3854 | D:5      | Found a glowing drain.
  3878 | Sewer    | Entered a sewer
  4004 | Sewer    | Found a viscous altar of Jiyva.
  4072 | Sewer    | Reached skill level 1 in Stealth
  4096 | Sewer    | Reached XP level 8. HP: 74/74 MP: 7/7
  4828 | D:5      | Reached skill level 5 in Shapeshifting
  5448 | D:6      | Reached skill level 7 in Unarmed Combat
  5501 | D:6      | Found a staircase to the Ecumenical Temple.
  5541 | Temple   | Entered the Ecumenical Temple
  5548 | Temple   | Became a worshipper of Cheibriados the Contemplative
  5741 | D:6      | Found Zoesacan's Distillery.
  5789 | D:6      | Found an ornate altar of the Wu Jian Council.
  5809 | D:6      | Bought a potion of mutation for 112 gold pieces
  5809 | D:6      | Bought 2 potions of berserk rage for 140 gold pieces
  5809 | D:6      | Bought a potion of berserk rage for 70 gold pieces
  5909 | D:6      | Found a glowing golden altar of the Shining One.
  5980 | D:6      | Found a glowing silver altar of Zin.
  6388 | D:7      | Reached skill level 8 in Unarmed Combat
  6388 | D:7      | Reached XP level 9. HP: 46/83 MP: 8/8
  6390 | D:7      | Reached * piety under Cheibriados
  6632 | D:7      | Identified the +4 quarterstaff of Change {venom, Dex+3}
  6751 | D:7      | Identified the +7 falchion "Orow Dor" {flame, Will+}
  7364 | D:8      | Found a stormy altar of Qazlal.
  7598 | D:8      | Reached skill level 1 in Throwing
  7607 | D:8      | Reached skill level 9 in Unarmed Combat
  8407 | D:9      | Noticed Erolcha
  8423 | D:9      | Reached ** piety under Cheibriados
  8424 | D:9      | Reached skill level 5 in Dodging
  8625 | D:9      | Found an opulent altar of Gozag.
  8720 | D:9      | Found a staircase to the Lair.
  8891 | D:10     | Entered Level 10 of the Dungeon
  8998 | D:10     | Identified the +4 cloak of Qazlal's Generosity {rPois
                  | Int+4}
  9187 | D:10     | Reached XP level 10. HP: 92/92 MP: 9/9
  9462 | D:10     | Reached *** piety under Cheibriados
  9464 | D:10     | Reached skill level 10 in Unarmed Combat
 10025 | D:10     | Noticed a gargoyle
 10102 | Lair:1   | Entered Level 1 of the Lair of Beasts
 10125 | Lair:1   | Noticed a cane toad
 10134 | Lair:1   | Killed a cane toad
 10167 | Lair:1   | Noticed Sonja
 10172 | Lair:1   | Killed Sonja
 10173 | Lair:1   | Reached skill level 11 in Unarmed Combat
 10227 | Lair:1   | Noticed a cane toad
 10230 | Lair:1   | Killed a cane toad
 10543 | Lair:1   | Noticed Prince Ribbit
 10556 | Lair:1   | Reached **** piety under Cheibriados
 10572 | Lair:1   | Reached XP level 11. HP: 58/101 MP: 10/10
 10668 | Lair:1   | Killed Prince Ribbit
 11616 | Lair:2   | Reached skill level 12 in Unarmed Combat
 11625 | Lair:2   | Noticed a four-headed hydra
 11661 | Lair:2   | Reached skill level 5 in Fighting
 11730 | Lair:2   | Found a frozen archway.
 11751 | IceCv    | Entered an ice cave
 11780 | IceCv    | Reached skill level 1 in Invocations
 11919 | IceCv    | HP: 2/153 [anaconda simulacrum (8)]
 11919 | IceCv    | Annihilated by an anaconda simulacrum

Illustrated notes

Levels and vault maps discovered:
D:1:      lemuel_arrival_cross, layout_loops_cross
D:2:      layout_basic, serial_bayou_crossing
D:3:      layout_rooms, minivault_25, uniq_ijyb
D:4:      layout_loops_corners, kennysheep_mini, minivault_25, goddamned_bats
D:5:      layout_gridville, gup_sewer_entry_glass, minivault_1, grunt_tough_drop
D:6:      layout_rooms, nicolae_overflow_crystal_walls,
          mainiacjoe_overflow_concentric_impassable,
          mainiacjoe_overflow_six_doors_small, minmay_temple_entry_offerings,
          serial_shops, nicolae_shop_window_shopping
D:7:      layout_loops_ring, chequers_serial_rivers_small_3
D:8:      layout_layer_cave, mainiacjoe_overflow_tiny_flanked
D:9:      layout_rooms, grunt_gozag_statues, demons_altar, uniq_erolcha
D:10:     minmay_the_grid_net [minmay_the_grid_zigzag_pyramid,
          minmay_the_grid_empty, minmay_the_grid_plusring,
          minmay_the_grid_minigrid_small, minmay_the_grid_broken_lines,
          minmay_the_grid_prize_inner_circle], layout_loops_corners,
          chequers_serial_rivers_large_a
Temple:   nicolae_temple_no_exploring_needed
Lair:1:   layout_layer_cave, uniq_sonja, uniq_prince_ribbit2
Lair:2:   layout_roguey, alex1729_swamp_entry_worm_eleionoma,
          portal_ice_cave_entry_pillars_1, minmay_holes, serial_bayou_pond_e
IceCv:    ice_cave_small_demon

Skill      XL: |  1  2  3  4  5  6  7  8  9 10 11 |
---------------+----------------------------------+-----
Fighting       | 1 2 3 4 5 |  5.1
Dodging        | 2 3 4 5 6 7 |  7.4
Unarmed Combat | 4 5 6 8 9 11 12 | 12.7
Shapeshifting  | 4 5 6 7 |  7.0
Stealth        | 1 2 |  2.2
Throwing       | 1 2 |  2.5
Invocations    | 1 |  1.2
Evocations     | |  0.1

Action                     |  1- 3 |  4- 6 |  7- 9 | 10-12 || total
---------------------------+-------+-------+-------+-------++-------
  Melee: Unarmed           |    95 |    69 |   305 |   169 ||   638
         Punch             |       |       |     8 |    13 ||    21
  Throw: Stone             |     3 |     7 |    18 |       ||    28
         Boomerang         |       |       |    29 |    25 ||    54
 Invoke: Slouch            |       |       |       |     1 ||     1
  Evoke: Wand              |       |     5 |     1 |       ||     6
    Use: Scroll            |       |     2 |    10 |     1 ||    13
         Potion            |       |     1 |       |     1 ||     2
   Stab: Sleeping          |     1 |       |     6 |       ||     7
 Armour: Animal skin       |    35 |    17 |    93 |    36 ||   181
         Skin              |       |     9 |       |       ||     9
  Dodge: Dodged            |    37 |    37 |   236 |   137 ||   447
         Form:             |       |       |     1 |       ||     1

Table legend: (Time is in decaauts)
 A = Elapsed time spent in this place.
 B = Non-inter-level travel time spent in this place.
 C = Inter-level travel time spent in this place.
 D = Time resting spent in this place.
 E = Time spent auto-exploring this place.
 F = Levels seen in this place.
 G = Mean time per level.
                   A        B        C        D        E       F      G
               +--------+--------+--------+--------+--------+-----+--------+
         Total |  14094 |  13569 |    525 |   1995 |   9603 |  15 |  939.6 |
       Dungeon |  11032 |  10557 |    475 |   1889 |   7259 |  10 | 1103.2 |
        Temple |     16 |      9 |      7 |      0 |      0 |   1 |   16.0 |
          Lair |   2640 |   2598 |     42 |      2 |   2227 |   2 | 1320.0 |
         Sewer |    226 |    226 |      0 |      0 |    105 |   1 |  226.0 |
      Ice Cave |    178 |    178 |      0 |    103 |     12 |   1 |  178.0 |
               +--------+--------+--------+--------+--------+-----+--------+

Top non-repeatable levels by time:
  Lair:1: 2428 daAuts
     D:8: 2042 daAuts
     D:5: 1493 daAuts
    D:10: 1398 daAuts
     D:4: 1329 daAuts
     D:2: 999 daAuts
     D:7: 937 daAuts
     D:6: 793 daAuts
     D:1: 683 daAuts
     D:3: 682 daAuts
     D:9: 670 daAuts
   Sewer: 226 daAuts
  Lair:2: 212 daAuts
   IceCv: 178 daAuts
  Temple: 16 daAuts
